 Dungeon Crawl Stone Soup version 0.29-a0-97-g88c9fad16d (webtiles) character file.

Game seed: 1258986394012206333

2131 jlumianski the Firebug (level 9, -7/67 HPs)
             Began as a Hill Orc Fire Elementalist on Feb 14, 2022.
             Was a Follower of Beogh.
             Mangled by an eight-headed hydra (13 damage)
             ... on level 5 of the Dungeon.
             The game lasted 00:44:49 (8314 turns).

jlumianski the Firebug (Hill Orc Fire Elementalist) Turns: 8314, Time: 00:44:52

Health: -7/67      AC:  8    Str: 15    XL:     9   Next: 30%
Magic:  14/16      EV: 16    Int: 15    God:    Beogh [*.....]
Gold:   226        SH:  0    Dex: 11    Spells: 12/18 levels left

rFire   . . .      SeeInvis .   n - +2 hand axe (venom)
rCold   + . .      Faith    .   (no shield)
rNeg    . . .      Spirit   .   h - +0 leather armour
rPois   .          Reflect  .   (no helmet)
rElec   .          Harm     .   y - +1 cloak
rCorr   .          Rampage  .   (no gloves)
Will    .....                   H - +2 pair of boots
Stlth   ++........              (no amulet)
HPRegen 0.21/turn               c - +4 ring of evasion
MPRegen 0.15/turn               x - ring of protection from cold

@: no status effects
A: no striking features
a: Renounce Religion


You were on level 5 of the Dungeon.
You worshipped Beogh.
Beogh was aware of your devotion.
You visited 1 branch of the dungeon, and saw 7 of its levels.

You collected 280 gold pieces.
You spent 54 gold pieces at shops.

Inventory:

Hand Weapons
 b - a +0 dagger
 d - a +0 spear
 i - a +0 whip
 k - a +0 dagger of draining
 n - a +2 hand axe of venom (weapon)
 A - a +0 dagger of speed
 B - a +4 flail
 C - a +0 war axe
 F - a +0 trident of protection
 G - a +0 whip of venom
Missiles
 e - 21 poisoned darts
 j - 150 stones
 l - 4 curare-tipped darts
 q - a silver boomerang
 s - 33 bolts
 E - a throwing net
 Q - 38 sling bullets
Armour
 a - a +0 robe
 h - a +0 leather armour (worn)
 y - a +1 cloak (worn)
 H - a +2 pair of boots (worn)
Magical Staves
 m - a staff of air
Jewellery
 c - a +4 ring of evasion (left hand)
 f - a ring of fire
 x - a ring of protection from cold (right hand)
 M - a ring of protection from cold
Wands
 r - a wand of digging (5)
 D - a wand of iceblast (11)
Scrolls
 I - a scroll of teleportation
 J - 2 scrolls of magic mapping
 L - a scroll of amnesia
 P - a scroll of fear {unknown}
Potions
 g - 2 potions of heal wounds
 o - a potion of flight
 p - a potion of curing
 t - a potion of resistance
 u - 2 potions of berserk rage
 v - a potion of lignification {unknown}
 w - a potion of brilliance {unknown}
 z - a potion of degeneration {unknown}
 K - a potion of ambrosia {unknown}
 N - a potion of might {unknown}
 O - a potion of magic {unknown}


   Skills:
 + Level 1.9 Fighting
 * Level 7.0 Axes
 + Level 3.4 Armour
 + Level 2.6 Dodging
 + Level 3.0 Stealth
 + Level 5.0 Spellcasting
 + Level 2.7 Conjurations
 + Level 7.2 Fire Magic


You had 12 spell levels left.
You knew the following spells:

 Your Spells              Type           Power      Damage    Failure   Level
a - Foxfire               Conj/Fire      72%        2x1d7     2%          1
b - Scorch                Fire           50%        2d8       1%          2
c - Conjure Flame         Conj/Fire      18%        6-21      8%          3

Your spell library contained the following spells:

 Spells                   Type           Power      Damage    Failure   Level
 Inner Flame              Hex/Fire       14%        N/A       14%         3
 Pain                     Necr           12%        1d4       21%         1
 Flame Wave               Conj/Fire      18%        2d6       26%         4
 Ozocubu's Armour         Ice            3%         N/A       52%         3
 Hailstorm                Conj/Ice       7%         3d4       75%         4
 Ice Form                 Ice/Tmut       3%         N/A       89%         4
 Agony                    Necr           3%         N/A       99%         5
 Excruciating Wounds      Necr           1%         N/A       99%         5
 Simulacrum               Ice/Necr       1%         N/A       100%        6
 Ozocubu's Refrigeration  Ice            1%         4d5       100%        7


Dungeon Overview and Level Annotations

Branches:
Dungeon (7/15)
 Temple: D:4-7

Altars:
Ashenzari
Fedhas
Gozag
Kikubaaqudgha
Makhleb
Ru
Wu Jian

Shops:
D:5 [

Annotations:
D:4 1 runed translucent door, Dordric's ghost, novice HOFi


Message History

The bullfrog is almost dead.
The bullfrog misses you.
You kill the bullfrog!
Beogh accepts your kill.
You see here a bullfrog corpse.
You see here a bullfrog corpse.
An orc comes into view. It is wielding a +0 club.
The howler monkey hoots and howls with incredible vigour!
You hear a shout! x2
Okay, then.
Unknown command.
Unknown command.
The howler monkey hoots and howls with incredible vigour!
The howler monkey hoots and howls with incredible vigour!
The howler monkey hoots and howls with incredible vigour!
There is an escape hatch in the ceiling here.
The eight-headed hydra misses you.
The eight-headed hydra bites you but does no damage.
The eight-headed hydra bites you! The eight-headed hydra bites you. x2
The eight-headed hydra closely misses you.
The eight-headed hydra bites you!
The eight-headed hydra bites you but does no damage.
A mysterious force pulls you upwards. The hatch slams shut behind you.
Reactivating autopickup.
Okay, then.
Unknown command.
Unknown command.
Casting: Foxfire (safe; 2% risk of failure)
Confirm with . or Enter, or press ? or * to list all spells.
Flames lash the eight-headed hydra.
The eight-headed hydra is lightly wounded.
The eight-headed hydra's fire resistance burns away.
The eight-headed hydra bites you. x2
The eight-headed hydra closely misses you.
The eight-headed hydra bites you!
* * * LOW HITPOINT WARNING * * *
The eight-headed hydra bites you!
* * * LOW HITPOINT WARNING * * *
The eight-headed hydra misses you. The eight-headed hydra bites you!
You die...

#.# #...## #......#.......#
..###....# ##......#......##
.#..#..### #.............##
....#...# ##.....#..##...##
#..##...## #####.....##.#.....#
#........# ###..##.........#....#
.......#####......#..####.####...
#.......##....#.D...## #.....##..
#........#...###@..## ##.........
..............#.....###..........
..###...##............##.........
..####.#............<...........#
..)..#...##......##..............
#.[.[..####.......#).............
##..[..........................#.
.##.......##..................#..
..##.............................


You could see an eight-headed hydra (combustible).

Vanquished Creatures
  The ghost of drugrobin the Poker, a novice DgWr (D:5)
  Grinder (D:5)
  2 water moccasins
  A black bear (D:5)
  A sky beast (D:6)
  2 ogres
  A phantom (D:3)
  Blork the orc (D:5)
  A wyvern zombie (D:6)
  A bullfrog (D:6)
  2 scorpions (D:4)
  A howler monkey (D:5)
  4 hounds
  A jelly (D:4)
  A bullfrog skeleton (D:6)
  3 iguanas
  Jessica (D:3)
  4 orc wizards
  3 gnolls (D:5)
  10 adders
  An adder skeleton (D:5)
  A worm (D:3)
  2 dart slugs
  26 orcs
  11 ball pythons
  9 endoplasms
  4 giant cockroaches
  6 goblins
  8 hobgoblins
  4 jackals (D:4)
  5 kobolds
  7 quokkas
  7 bats
  A frilled lizard (D:1)
  3 rats
137 creatures vanquished.

Vanquished Creatures (collateral kills)
  A hound skeleton (D:5)
1 creature vanquished.

Vanquished Creatures (others)
  An orc priest (D:5)
  A gnoll shaman (D:5)
  A gnoll (D:5)
  2 orcs (D:5)
  182 foxfires
187 creatures vanquished.

Grand Total: 325 creatures vanquished

Notes
Turn   | Place    | Note
-------+----------+-------------------------------------------
     0 | D:1      | jlumianski the Hill Orc Fire Elementalist began the quest
                  | for the Orb.
     0 | D:1      | Reached XP level 1. HP: 14/14 MP: 3/3
   128 | D:1      | Reached XP level 2. HP: 20/20 MP: 1/4
   300 | D:1      | Learned a level 2 spell: Scorch
   788 | D:2      | Reached XP level 3. HP: 26/26 MP: 3/5
  1437 | D:1      | Found a faded altar of an unknown god.
  1556 | D:2      | Reached XP level 4. HP: 33/33 MP: 5/7
  1631 | D:2      | Reached skill level 1 in Axes
  2505 | D:3      | Found a sacrificial altar of Ru.
  2507 | D:3      | Found a broken altar of Ashenzari.
  2508 | D:3      | Found a blossoming altar of Fedhas.
  2508 | D:3      | Found an opulent altar of Gozag.
  2508 | D:3      | Found an ancient bone altar of Kikubaaqudgha.
  2543 | D:4      | Reached XP level 5. HP: 39/39 MP: 4/8
  2948 | D:3      | Noticed a phantom
  2969 | D:3      | Killed a phantom
  2970 | D:3      | Reached skill level 1 in Armour
  3178 | D:3      | Reached XP level 6. HP: 39/46 MP: 7/9
  3413 | D:3      | Noticed Jessica
  3422 | D:3      | Killed Jessica
  4068 | D:4      | Found a runed translucent door.
  4084 | D:4      | Noticed Dordric's ghost (novice HOFi)
  4277 | D:4      | Reached skill level 5 in Fire Magic
  4521 | D:4      | Found an ornate altar of the Wu Jian Council.
  4803 | D:4      | Reached skill level 1 in Fighting
  4803 | D:4      | Reached XP level 7. HP: 52/52 MP: 6/11
  4869 | D:4      | Learned a level 3 spell: Conjure Flame
  5113 | D:5      | Entered Level 5 of the Dungeon
  5401 | D:5      | Noticed Grinder
  5751 | D:5      | Paralysed by Grinder for 7 turns
  5761 | D:5      | Paralysed by Grinder for 6 turns
  5776 | D:5      | Killed Grinder
  5982 | D:5      | Reached XP level 8. HP: 59/59 MP: 9/13
  5985 | D:5      | Became a worshipper of Beogh the Brigand
  6240 | D:5      | Noticed Blork the orc
  6245 | D:5      | Killed Blork the orc
  6326 | D:5      | Found Liwubbapt's Armour Shop.
  6334 | D:5      | Bought a +0 cloak for 54 gold pieces
  6368 | D:5      | Reached skill level 5 in Axes
  6436 | D:5      | Found a runed translucent door.
  6438 | D:5      | Noticed drugrobin's ghost (novice DgWr)
  7507 | D:5      | Killed drugrobin's ghost
  7508 | D:5      | Reached XP level 9. HP: 55/67 MP: 4/16
  7889 | D:6      | Found a burning altar of Makhleb.
  7905 | D:6      | Reached * piety under Beogh
  8257 | D:6      | Found the amulet of Vitality {Regen+ HP+15}
  8259 | D:6      | Noticed an eight-headed hydra
  8267 | D:6      | Reached skill level 5 in Spellcasting
  8314 | D:5      | Mangled by an eight-headed hydra

Illustrated notes

Levels and vault maps discovered:
D:1:      dpeg_arrival_subterranean_lakeside_camping, layout_rooms,
          dreamdust_ecumenical_altar_hidden_monk_grotto, serial_park_tiny_pond,
          minmay_misc_feat_square, minmay_nonomino_d4
D:2:      layout_basic, corexii_leaking_fountain, nicolae_figureground_sparkle
D:3:      layout_loops_corners, grunt_temple_overflow_open,
          kennysheep_jessica_study, uniq_jessica
D:4:      layout_loops_corners, mainiacjoe_overflow_concentric_impassable,
          ebering_ghost_sewer_d, minmay_curled_crystal,
          kennysheep_generic_room_6
D:5:      layout_cave_pools, hellmonk_ghost_happy_afterlife, serial_shops,
          nicolae_shop_advertising_works [nicolae_subvault_shop_adworks],
          grunt_decor_junction, uniq_blork_the_orc, uniq_grinder
D:6:      layout_basic, mainiacjoe_overflow_small_starburst,
          gammafunk_ghost_smash, serial_shops, nicolae_square_shop,
          grunt_decor_mini_mirrors, hangedman_decor_points, wad_rectangle_vault
D:7:      layout_loops_ring, minmay_temple_entry_glassed_door, uniq_joseph

Skill      XL: |  1  2  3  4  5  6  7  8  9 |
---------------+----------------------------+-----
Fire Magic     | 4 5 6 7 |  7.2
Spellcasting   | 2 3 4 5 |  5.0
Axes           | 1 2 3 4 6 7 |  7.0
Dodging        | 2 |  2.6
Conjurations   | 2 |  2.7
Armour         | 1 2 3 |  3.4
Fighting       | 1 |  1.9
Stealth        | 2 3 |  3.0

Action                   |  1- 3 |  4- 6 |  7- 9 || total
-------------------------+-------+-------+-------++-------
Melee: Dagger            |    29 |       |       ||    29
       Unarmed           |     1 |       |       ||     1
       Hand axe          |     6 |    93 |    93 ||   192
       Punch             |       |     3 |       ||     3
 Cast: Foxfire           |    30 |    35 |    34 ||    99
       Scorch            |     6 |    31 |    54 ||    91
       Conjure Flame     |       |       |     1 ||     1
Invok: Convert to Beogh  |       |       |     1 ||     1
Evoke: Wand              |       |       |     2 ||     2
  Use: Scroll            |     5 |     6 |     6 ||    17
       Potion            |       |     1 |       ||     1
 Stab: Sleeping          |       |       |     1 ||     1
Armor: Robe              |     9 |       |       ||     9
       Leather armour    |     3 |    32 |    38 ||    73
Dodge: Dodged            |    23 |    79 |   102 ||   204

Table legend: (Time is in decaauts)
 A = Elapsed time spent in this place.
 B = Non-inter-level travel time spent in this place.
 C = Inter-level travel time spent in this place.
 D = Time resting spent in this place.
 E = Time spent auto-exploring this place.
 F = Levels seen in this place.
 G = Mean time per level.
                   A        B        C        D        E       F      G
               +--------+--------+--------+--------+--------+-----+--------+
         Total |   8368 |   8315 |     53 |   1412 |   4253 |   7 | 1195.4 |
       Dungeon |   8368 |   8315 |     53 |   1412 |   4253 |   7 | 1195.4 |
               +--------+--------+--------+--------+--------+-----+--------+

Top non-repeatable levels by time:
     D:4: 2174 daAuts
     D:5: 1633 daAuts
     D:3: 1550 daAuts
     D:1: 1165 daAuts
     D:2: 939 daAuts
     D:6: 853 daAuts
     D:7: 51 daAuts
